[Event "28th CRO-chT Women 2019"]
[Site "Mali Losinj"]
[Date "2019.10.02"]
[Round "6.2"]
[White "Medic, Mirjana"]
[Black "Ivekovic, Zvjezdana"]
[Result "1-0"]
[ECO "D46"]
[WhiteElo "2163"]
[BlackElo "1781"]
[Annotator "NA"]
[PlyCount "75"]
[EventDate "2019.09.28"]
[EventType "team-tourn"]
[EventCountry "CRO"]
[SourceTitle "playchess.com"]
[Source "ChessBase"]
[SourceQuality "1"]
[TimeControl "40/5400+30:1800+30"]

1. d4 d5 2. Nf3 c6 3. c4 Nf6 4. Nc3 e6 5. e3 Nbd7 6. Qc2 Bd6 7. Bd3 O-O 8. O-O dxc4 9. Bxc4 b5 10. Be2 Bb7 11. Rd1 Qe7 12. a3 Rfc8 13. e4 e5 14. g3 exd4 15. Nxd4 Be5 16. Nf5 Qe6 17. Bf3 Nb6 18. Be3 Rd8 19. Nd4 Qe8 20. Nb3 Nc4 21. Rxd8 Qxd8 22. Rd1 Qc7 23. Bd4 a5 24. Bxe5 Nxe5 25. Bg2 Qb6 26. Qe2 Ba6 27. Qc2 a4 28. Nd4 Nc4 29. Nxc6 Re8 30. Nb4 Bb7 31. h3 Bc8 32. Nxa4 bxa4 33. Qxc4 Be6 34. Qc3 Bb3 35. Rd4 Qb8 36. Nc6 Qb7 37. e5 Qb5 38. exf6 1-0

[Event "28th CRO-chT Women 2019"]
[Site "Mali Losinj"]
[Date "2019.10.02"]
[Round "6.3"]
[White "Turk, Vesna"]
[Black "Roklicer, Heike"]
[Result "0-1"]
[ECO "D03"]
[WhiteElo "1694"]
[BlackElo "2032"]
[Annotator "NA"]
[PlyCount "120"]
[EventDate "2019.09.28"]
[EventType "team-tourn"]
[EventCountry "CRO"]
[SourceTitle "playchess.com"]
[Source "ChessBase"]
[SourceQuality "1"]
[TimeControl "40/5400+30:1800+30"]

1. d4 d5 2. Nf3 c6 3. c3 Nf6 4. Bg5 g6 5. e3 Bg7 6. Be2 Bf5 7. Nbd2 Nbd7 8. O-O O-O 9. Nh4 Be6 10. Nhf3 Ne4 11. Nxe4 dxe4 12. Nd2 f5 13. h3 c5 14. Bc4 Bxc4 15. Nxc4 h6 16. Bf4 cxd4 17. cxd4 b5 18. Nd2 Nf6 19. Rc1 Nd5 20. Qb3 Kh7 21. Bh2 a6 22. Rc5 e6 23. Rfc1 Qd7 24. Qa3 Rfc8 25. Rxc8 Rxc8 26. Rxc8 Qxc8 27. Qc5 Qxc5 28. dxc5 Bxb2 29. c6 e5 30. Nb3 Kg8 31. Nc5 Nc7 32. Nd7 Kf7 33. Nxe5+ Bxe5 34. Bxe5 Nd5 35. c7 Nb6 36. Bc3 Ke6 37. Ba5 Nc8 38. Kf1 Kd7 39. Ke2 Nd6 40. Kd1 Nc4 41. Bc3 Kxc7 42. Kc2 Kc6 43. Kb3 Nb6 44. Ba5 Nd5 45. a3 h5 46. g3 Ne7 47. Bd8 Nd5 48. Ba5 Nb6 49. Bb4 Nd7 50. Kc3 Kd5 51. Ba5 Ne5 52. Bc7 Nd3 53. f3 Nf2 54. fxe4+ Kxe4 55. h4 Nd1+ 56. Kb4 Nxe3 57. Bf4 Nd5+ 58. Ka5 Nxf4 59. gxf4 Kxf4 60. Kxa6 Ke5 0-1

[Event "28th CRO-chT Women 2019"]
[Site "Mali Losinj"]
[Date "2019.10.02"]
[Round "6.4"]
[White "Dejanovic, Tereza"]
[Black "Mikic Muha, Mirela"]
[Result "1-0"]
[ECO "C62"]
[WhiteElo "1811"]
[BlackElo "1621"]
[Annotator "NA"]
[PlyCount "55"]
[EventDate "2019.09.28"]
[EventType "team-tourn"]
[EventCountry "CRO"]
[SourceTitle "playchess.com"]
[Source "ChessBase"]
[SourceQuality "1"]
[TimeControl "40/5400+30:1800+30"]

1. e4 e5 2. Nf3 Nc6 3. Bb5 d6 4. c3 Bd7 5. Ba4 Nf6 6. Bc2 Be7 7. O-O Qc8 8. d3 Bg4 9. Nbd2 Qd7 10. Ba4 a6 11. Re1 b5 12. Bc2 h6 13. Nf1 Nh7 14. h3 Bh5 15. Ng3 Bxf3 16. Qxf3 Ng5 17. Qd1 O-O 18. d4 exd4 19. cxd4 Nh7 20. Nf5 Rfe8 21. Bxh6 g6 22. Nxe7+ Rxe7 23. d5 Nb4 24. Qd4 f6 25. Qxb4 c5 26. dxc6 Qxc6 27. Bb3+ Kh8 28. Bd5 1-0

[Event "28th CRO-chT Women 2019"]
[Site "Mali Losinj"]
[Date "2019.10.02"]
[Round "6.6"]
[White "Saric, Kristina"]
[Black "Djukic, Sandra"]
[Result "0-1"]
[ECO "B15"]
[WhiteElo "2222"]
[BlackElo "2179"]
[Annotator "NA"]
[PlyCount "102"]
[EventDate "2019.09.28"]
[EventType "team-tourn"]
[EventCountry "CRO"]
[SourceTitle "playchess.com"]
[Source "ChessBase"]
[SourceQuality "1"]
[TimeControl "40/5400+30:1800+30"]

1. e4 c6 2. d4 d5 3. Nc3 dxe4 4. Nxe4 Nf6 5. Nxf6+ exf6 6. Nf3 Bd6 7. Be2 O-O 8. O-O Re8 9. c4 Nd7 10. Be3 Nf8 11. Qd2 Ng6 12. Rad1 Qc7 13. Rfe1 Bf5 14. c5 Bf4 15. Bd3 Bxd3 16. Qxd3 Rad8 17. g3 Bxe3 18. Rxe3 Qd7 19. Rde1 Rxe3 20. Qxe3 Nf8 21. Qa3 a6 22. Qb4 Ne6 23. Re3 Qc7 24. Rb3 Rd7 25. Qc4 Qd8 26. Rb4 h6 27. Qb3 Qe7 28. Qe3 Qd8 29. Qb3 Qe7 30. Qe3 Kf8 31. Nh4 Rd5 32. g4 Rg5 33. h3 Qd7 34. Nf5 h5 35. Qg3 hxg4 36. hxg4 g6 37. Nd6 Nd8 38. f3 Rd5 39. Qf4 Kg7 40. Qe3 Qe6 41. Kf2 Rxd6 42. cxd6 Qxd6 43. Rb3 g5 44. f4 gxf4 45. Qe4 Ne6 46. Rd3 Ng5 47. Qf5 f3 48. Ke3 Qh2 49. Rd2 Qg1+ 50. Kd3 Qb1+ 51. Kc4 Ne4 0-1

[Event "28th CRO-chT Women 2019"]
[Site "Mali Losinj"]
[Date "2019.10.02"]
[Round "6.7"]
[White "Berke, Ana"]
[Black "Ivekovic, Tihana"]
[Result "1-0"]
[ECO "B40"]
[WhiteElo "2060"]
[BlackElo "2136"]
[Annotator "NA"]
[PlyCount "85"]
[EventDate "2019.09.28"]
[EventType "team-tourn"]
[EventCountry "CRO"]
[SourceTitle "playchess.com"]
[Source "ChessBase"]
[SourceQuality "1"]
[TimeControl "40/5400+30:1800+30"]

1. e4 e6 2. d4 d5 3. Nd2 c5 4. Ngf3 cxd4 5. Nxd4 Nc6 6. Nxc6 bxc6 7. Bd3 Qc7 8. Qe2 Nf6 9. O-O dxe4 10. Nxe4 Nxe4 11. Bxe4 Bd6 12. h3 O-O 13. Rd1 f5 14. Bf3 Rb8 15. b3 Be5 16. Rb1 c5 17. Ba3 Re8 18. Qc4 Bd6 19. Rd2 Rb6 20. Rbd1 Ba6 21. Qc3 e5 22. Bd5+ Kh8 23. Bc4 Bb7 24. Bb2 Bf8 25. a4 Rg6 26. Bd5 Bc8 27. Bf3 Rd6 28. Rxd6 Bxd6 29. Qd2 Bf8 30. Be2 a6 31. Bc4 f4 32. f3 Be7 33. Qe2 Bf6 34. Bxa6 Bf5 35. Bd3 Bxd3 36. Rxd3 c4 37. bxc4 Qxc4 38. Rd8 Qc5+ 39. Bd4 Qe7 40. Rxe8+ Qxe8 41. a5 Qa4 42. Bb6 h6 43. a6 1-0

[Event "28th CRO-chT Women 2019"]
[Site "Mali Losinj"]
[Date "2019.10.02"]
[Round "6.8"]
[White "Vujnovic, Patricija"]
[Black "Bogdanic, Katarina"]
[Result "1-0"]
[ECO "A06"]
[WhiteElo "2052"]
[BlackElo "1899"]
[Annotator "NA"]
[PlyCount "179"]
[EventDate "2019.09.28"]
[EventType "team-tourn"]
[EventCountry "CRO"]
[SourceTitle "playchess.com"]
[Source "ChessBase"]
[SourceQuality "1"]
[TimeControl "40/5400+30:1800+30"]

1. b3 d5 2. Bb2 Nf6 3. e3 c5 4. Nf3 e6 5. Bb5+ Nbd7 6. O-O Bd6 7. d3 O-O 8. Nbd2 e5 9. Bxd7 Nxd7 10. e4 d4 11. Nc4 Qc7 12. a4 Re8 13. Qe2 Nf8 14. Nh4 Be7 15. Nf5 Ng6 16. g3 Bf8 17. Bc1 Be6 18. Bd2 Bxc4 19. bxc4 Ne7 20. Nh4 Qd7 21. f4 exf4 22. Bxf4 Ng6 23. Nxg6 hxg6 24. Qf3 Re6 25. Qg4 Qe8 26. a5 b5 27. cxb5 Qxb5 28. Rfb1 Qc6 29. a6 c4 30. Rb7 cxd3 31. cxd3 Qc3 32. Qd1 Bd6 33. Rb3 Qc8 34. Bd2 Bf8 35. Rc1 Qxa6 36. Ra1 Qc8 37. Rc1 Qa6 38. Ra1 Qc8 39. Rc1 Qa6 40. Rc7 Rb6 41. Rxb6 Qxb6 42. Qc2 Rb8 43. Bf4 Bd6 44. Bxd6 Qxd6 45. Rxa7 Qb6 46. Qa2 Qf6 47. Kg2 Rc8 48. Ra8 Rxa8 49. Qxa8+ Kh7 50. Qd5 Kg8 51. e5 Qb6 52. Kf3 Qb2 53. Qd8+ Kh7 54. Qh4+ Kg8 55. Qd8+ Kh7 56. Ke4 Qe2+ 57. Kxd4 Qb2+ 58. Kd5 Qb3+ 59. Ke4 Qc2 60. Qh4+ Kg8 61. Qd8+ Kh7 62. Qd7 Qe2+ 63. Kd4 Qf2+ 64. Kc4 Qc2+ 65. Kd4 Qf2+ 66. Kd5 Qf3+ 67. Kc4 Qf2 68. d4 Qa2+ 69. Kc5 Qa3+ 70. Kb6 Qb4+ 71. Kc7 Qa5+ 72. Kd6 Qb4+ 73. Kc6 Qa4+ 74. Kc7 Qa5+ 75. Kd6 Qb4+ 76. Kd5 Qb3+ 77. Ke4 Qc2+ 78. Ke3 Qc3+ 79. Kf4 Qd2+ 80. Ke4 Qc2+ 81. Kd5 Qb3+ 82. Kc5 Qa3+ 83. Kb6 Qb4+ 84. Kc7 Qa5+ 85. Kb8 Qb4+ 86. Kc8 Qf8+ 87. Kc7 Qa8 88. Qh3+ Kg8 89. Qc8+ Qxc8+ 90. Kxc8 1-0

[Event "28th CRO-chT Women 2019"]
[Site "Mali Losinj"]
[Date "2019.10.03"]
[Round "7.2"]
[White "Sulc, Gordana"]
[Black "Medic, Mirjana"]
[Result "1/2-1/2"]
[ECO "C06"]
[WhiteElo "1882"]
[BlackElo "2163"]
[Annotator "NA"]
[PlyCount "119"]
[EventDate "2019.09.28"]
[EventType "team-tourn"]
[EventCountry "CRO"]
[SourceTitle "playchess.com"]
[Source "ChessBase"]
[SourceQuality "1"]
[TimeControl "40/5400+30:1800+30"]

1. e4 e6 2. d4 d5 3. Nd2 Nf6 4. e5 Nfd7 5. Bd3 c5 6. c3 Nc6 7. Ne2 Qb6 8. Nf3 cxd4 9. cxd4 Bb4+ 10. Bd2 f6 11. exf6 Nxf6 12. O-O O-O 13. Bc3 Bxc3 14. bxc3 Qc7 15. Qc2 e5 16. dxe5 Nxe5 17. Nxe5 Qxe5 18. Rae1 Qd6 19. Rb1 b6 20. Rb4 Bd7 21. Rh4 h6 22. Ng3 Rac8 23. Ba6 Rc7 24. Qd3 Qe5 25. Rd4 Rc5 26. c4 Ra5 27. Bb7 dxc4 28. Qxc4+ Be6 29. Qd3 Bxa2 30. Rd1 Qc7 31. Bf3 Rc5 32. Ne4 Nxe4 33. Rd7 Nxf2 34. Qd4 Nh3+ 35. gxh3 Rg5+ 36. Bg2 Qc2 37. Rd2 Qf5 38. Rd1 b5 39. Rxa7 Bc4 40. Raa1 Qxh3 41. Qe4 Qh5 42. Kh1 Rg4 43. Qb7 Rgf4 44. Rg1 R4f7 45. Qc6 Rd8 46. Ra8 Rxa8 47. Qxa8+ Rf8 48. Qb7 Qf7 49. Qc6 Rd8 50. Re1 Bd5 51. Qxb5 Bxg2+ 52. Kxg2 Rd2+ 53. Re2 Qg6+ 54. Kf2 Rxe2+ 55. Qxe2 Qf5+ 56. Kg3 Kh7 57. h4 Qg6+ 58. Kh3 Qf7 59. h5 Qf5+ 60. Kh4 1/2-1/2

[Event "28th CRO-chT Women 2019"]
[Site "Mali Losinj"]
[Date "2019.10.03"]
[Round "7.3"]
[White "Roklicer, Heike"]
[Black "Mican, Karmela"]
[Result "1-0"]
[ECO "E18"]
[WhiteElo "2032"]
[BlackElo "1885"]
[Annotator "NA"]
[PlyCount "111"]
[EventDate "2019.09.28"]
[EventType "team-tourn"]
[EventCountry "CRO"]
[SourceTitle "playchess.com"]
[Source "ChessBase"]
[SourceQuality "1"]
[TimeControl "40/5400+30:1800+30"]

1. d4 d5 2. c4 e6 3. Nc3 Nf6 4. Nf3 Be7 5. g3 O-O 6. Bg2 b6 7. O-O Bb7 8. Ne5 Nbd7 9. cxd5 exd5 10. Qa4 Nb8 11. b4 Ne4 12. Nxe4 dxe4 13. Bb2 Bd5 14. Ng4 Bg5 15. h4 f5 16. Ne5 Be7 17. e3 Bd6 18. Rfc1 a6 19. a3 b5 20. Qc2 Qe7 21. Nd3 Nd7 22. Nc5 Nf6 23. Bh3 Ng4 24. Qe2 h5 25. a4 g5 26. Bxg4 hxg4 27. Kg2 gxh4 28. Rh1 h3+ 29. Kh2 Qg5 30. Nd7 bxa4 31. Ne5 Bxb4 32. Rxa4 a5 33. Rc1 Bb3 34. Raa1 Bd6 35. Ba3 Rfe8 36. Qb5 a4 37. Rc6 Bxe5 38. dxe5 Qg7 39. Bb2 Kh7 40. Bd4 Reb8 41. Qc5 Rc8 42. e6 Qg5 43. e7 Bf7 44. Rf6 Bg6 45. Qe5 Rg8 46. Rf8 Re8 47. Rxg8 Rxg8 48. Rxa4 Be8 49. Ra6 c6 50. Ra8 Qg6 51. Rd8 Qf7 52. Rd6 Qg7 53. Qxf5+ Bg6 54. Bxg7 Bxf5 55. Bf8 Bg6 56. e8=Q 1-0

[Event "28th CRO-chT Women 2019"]
[Site "Mali Losinj"]
[Date "2019.10.03"]
[Round "7.4"]
[White "Ascic, Josipa"]
[Black "Dejanovic, Tereza"]
[Result "0-1"]
[ECO "B84"]
[WhiteElo "1692"]
[BlackElo "1811"]
[Annotator "NA"]
[PlyCount "76"]
[EventDate "2019.09.28"]
[EventType "team-tourn"]
[EventCountry "CRO"]
[SourceTitle "playchess.com"]
[Source "ChessBase"]
[SourceQuality "1"]
[TimeControl "40/5400+30:1800+30"]

1. e4 c5 2. Nf3 d6 3. d4 cxd4 4. Nxd4 Nf6 5. Nc3 a6 6. Be2 e6 7. O-O Be7 8. Kh1 b5 9. a3 Bb7 10. Qd3 O-O 11. f4 Nbd7 12. Bf3 Nc5 13. Qe2 Qc7 14. Bd2 Rfd8 15. Rac1 Rab8 16. b4 Ncd7 17. Nb3 Nb6 18. Na5 Ba8 19. Qf2 Nfd7 20. Rfd1 Bf6 21. e5 dxe5 22. Ne4 exf4 23. Nxf6+ Nxf6 24. Bxa8 Nxa8 25. Bxf4 e5 26. Bxe5 Qxe5 27. Nc6 Rxd1+ 28. Rxd1 Qh5 29. Qd4 Re8 30. Rf1 Nc7 31. c4 bxc4 32. Qxc4 Qb5 33. Qxb5 axb5 34. Kg1 h6 35. Nd4 Ra8 36. Rc1 Nfd5 37. Nxb5 Nxb5 38. Rc5 Ndc3 0-1

[Event "28th CRO-chT Women 2019"]
[Site "Mali Losinj"]
[Date "2019.10.03"]
[Round "7.6"]
[White "Djukic, Sandra"]
[Black "Starcevic, Andrea"]
[Result "1-0"]
[ECO "D37"]
[WhiteElo "2179"]
[BlackElo "1888"]
[Annotator "NA"]
[PlyCount "125"]
[EventDate "2019.09.28"]
[EventType "team-tourn"]
[EventCountry "CRO"]
[SourceTitle "playchess.com"]
[Source "ChessBase"]
[SourceQuality "1"]
[TimeControl "40/5400+30:1800+30"]

1. d4 d5 2. c4 e6 3. Nf3 Nf6 4. Nc3 Be7 5. Bf4 a6 6. e3 Nbd7 7. h3 c5 8. cxd5 exd5 9. Bd3 O-O 10. O-O Re8 11. Rc1 c4 12. Bb1 Nf8 13. Ne5 Ng6 14. Bg3 b5 15. Nc6 Qb6 16. Nxe7+ Rxe7 17. Re1 Bb7 18. b3 Rd8 19. f3 Rde8 20. Bf2 Qd6 21. bxc4 dxc4 22. Bxg6 hxg6 23. e4 Qf4 24. Rb1 Qc7 25. a4 Qa5 26. Qc1 b4 27. Na2 b3 28. Nc3 Rc7 29. Rd1 Nd7 30. Be1 Qb6 31. Kh1 Qf6 32. Bg3 Rcc8 33. a5 Qd8 34. Ra1 Nb8 35. d5 Nd7 36. Rd4 Ne5 37. Bxe5 Rxe5 38. f4 Rh5 39. Qe3 g5 40. Qf3 Rh6 41. e5 Rc5 42. fxg5 Qxg5 43. Rf1 Rc7 44. Qf4 Rg6 45. g4 Qh4 46. Kh2 Rh6 47. Qg3 Qd8 48. d6 Rc5 49. Qf4 Qd7 50. Rxc4 Rxa5 51. Rc7 Qe8 52. Rxb7 Rxe5 53. Qxf7+ Qxf7 54. Rfxf7 Re3 55. Rxg7+ Kh8 56. Ne4 Rxe4 57. Rge7 Rxe7 58. dxe7 Re6 59. Rb8+ Kg7 60. e8=Q Rxe8 61. Rxe8 a5 62. Rb8 a4 63. Rb4 1-0

[Event "28th CRO-chT Women 2019"]
[Site "Mali Losinj"]
[Date "2019.10.03"]
[Round "7.7"]
[White "Klaric, Nikolina"]
[Black "Berke, Ana"]
[Result "0-1"]
[ECO "A36"]
[WhiteElo "1731"]
[BlackElo "2060"]
[Annotator "NA"]
[PlyCount "104"]
[EventDate "2019.09.28"]
[EventType "team-tourn"]
[EventCountry "CRO"]
[SourceTitle "playchess.com"]
[Source "ChessBase"]
[SourceQuality "1"]
[TimeControl "40/5400+30:1800+30"]

1. c4 c5 2. Nc3 Nc6 3. g3 g6 4. Bg2 Bg7 5. e3 d6 6. Nge2 e5 7. Nd5 Nge7 8. Nec3 O-O 9. O-O Rb8 10. Rb1 a6 11. b4 cxb4 12. Nxb4 Bf5 13. e4 Be6 14. d3 Nxb4 15. Rxb4 Qa5 16. Qa4 Qc7 17. Bd2 Nc6 18. Rb2 Nd4 19. Rfb1 Bd7 20. Qd1 Bc6 21. Be3 h6 22. Ne2 Nxe2+ 23. Qxe2 f5 24. Bb6 Qf7 25. f3 h5 26. h3 Bh6 27. Qe1 Kh7 28. Qa5 Rbc8 29. Qb4 Qd7 30. Qe1 Bg7 31. Qe2 Rf7 32. Qe1 Rcf8 33. Qb4 Qe7 34. Re2 Qf6 35. Qe1 g5 36. a3 Qg6 37. Qd2 Bh6 38. Qe1 g4 39. hxg4 fxg4 40. fxg4 Qxg4 41. Rf2 Rxf2 42. Bxf2 Rg8 43. Qf1 Rg7 44. Bh3 Qf3 45. Bg2 Qf6 46. Qe2 Qg5 47. Qf3 Bd7 48. Qf8 h4 49. Qxd6 hxg3 50. Bc5 Qh5 51. Kf1 Bd2 52. Qb6 Rf7+ 0-1

[Event "28th CRO-chT Women 2019"]
[Site "Mali Losinj"]
[Date "2019.10.03"]
[Round "7.8"]
[White "Bogdanic, Katarina"]
[Black "Batory, Lucija"]
[Result "1/2-1/2"]
[ECO "E18"]
[WhiteElo "1899"]
[BlackElo "1683"]
[Annotator "NA"]
[PlyCount "70"]
[EventDate "2019.09.28"]
[EventType "team-tourn"]
[EventCountry "CRO"]
[SourceTitle "playchess.com"]
[Source "ChessBase"]
[SourceQuality "1"]
[TimeControl "40/5400+30:1800+30"]

1. Nf3 e6 2. c4 Nf6 3. g3 d5 4. Bg2 b6 5. O-O Bb7 6. d4 Be7 7. Nc3 O-O 8. b3 c5 9. dxc5 Bxc5 10. cxd5 Nxd5 11. Nxd5 Qxd5 12. Bb2 Qh5 13. Rc1 Nc6 14. Qc2 Rac8 15. Qb1 Rfd8 16. Rfd1 a5 17. Rxd8+ Nxd8 18. Qa1 Qh6 19. Rc4 Bf8 20. Rh4 Qg6 21. Ne5 Qf5 22. Bxb7 Nxb7 23. Rf4 Qc2 24. e3 Qd2 25. Nc4 Qe2 26. Rd4 Bb4 27. Qd1 Qxd1+ 28. Rxd1 b5 29. Ne5 f6 30. Nd3 Bc3 31. Bc1 Kf7 32. Kg2 Rd8 33. Kf1 f5 34. Ke2 Kf6 35. f3 a4 1/2-1/2

[Event "28th CRO-chT Women 2019"]
[Site "Mali Losinj"]
[Date "2019.10.04"]
[Round "8.1"]
[White "Ivekovic, Ana"]
[Black "Salimova, Nurgyul"]
[Result "0-1"]
[ECO "D92"]
[WhiteElo "2056"]
[BlackElo "2415"]
[Annotator "NA"]
[PlyCount "72"]
[EventDate "2019.09.28"]
[EventType "team-tourn"]
[EventCountry "CRO"]
[SourceTitle "playchess.com"]
[Source "ChessBase"]
[SourceQuality "1"]
[TimeControl "40/5400+30:1800+30"]

1. d4 Nf6 2. c4 g6 3. Nc3 d5 4. Nf3 Bg7 5. Bf4 O-O 6. cxd5 Nxd5 7. Nxd5 Qxd5 8. Bxc7 Nc6 9. e3 Bf5 10. Qa4 Qd7 11. Ba5 Nxd4 12. Qxd7 Nxf3+ 13. gxf3 Bxd7 14. Rb1 Bf5 15. e4 Be6 16. b3 b6 17. Bb4 Rfd8 18. Rd1 Rxd1+ 19. Kxd1 a5 20. Bxe7 a4 21. bxa4 Rxa4 22. a3 Bd4 23. Bb5 Ra5 24. Bd3 Bxf2 25. Ke2 Bd4 26. Rd1 Kg7 27. Bb5 Be5 28. a4 Bb3 29. Rb1 Bxa4 30. Bc4 b5 31. Bd5 Ra7 32. Bd8 Bxh2 33. Bb6 Re7 34. Rc1 b4 35. Rc8 Bb5+ 36. Ke3 Bg1+ 0-1

[Event "28th CRO-chT Women 2019"]
[Site "Mali Losinj"]
[Date "2019.10.04"]
[Round "8.2"]
[White "Saric, Kristina"]
[Black "Ivekovic, Zvjezdana"]
[Result "1-0"]
[ECO "C78"]
[WhiteElo "2222"]
[BlackElo "1781"]
[Annotator "NA"]
[PlyCount "113"]
[EventDate "2019.09.28"]
[EventType "team-tourn"]
[EventCountry "CRO"]
[SourceTitle "playchess.com"]
[Source "ChessBase"]
[SourceQuality "1"]
[TimeControl "40/5400+30:1800+30"]

1. e4 e5 2. Nf3 Nc6 3. Bb5 a6 4. Ba4 Nf6 5. O-O Bc5 6. c3 b5 7. Bc2 d6 8. d4 Bb6 9. h3 O-O 10. a4 Bd7 11. axb5 axb5 12. Rxa8 Qxa8 13. Bg5 Qc8 14. Na3 Re8 15. Nxb5 Ne7 16. c4 Ng6 17. Nc3 c6 18. dxe5 dxe5 19. Nh2 Re6 20. Na4 Bd4 21. c5 h6 22. Nb6 Qc7 23. Bxf6 Rxf6 24. Nxd7 Qxd7 25. Ng4 Re6 26. Bb3 Re7 27. Ne3 Bxc5 28. Nf5 Qxd1 29. Nxe7+ Nxe7 30. Rxd1 Bd4 31. Ra1 g5 32. Ra8+ Kg7 33. Re8 Ng6 34. Rc8 Ne7 35. Rc7 Kf6 36. Ba4 Bxb2 37. Bxc6 Nxc6 38. Rxc6+ Kg7 39. g3 Ba3 40. Kg2 Be7 41. Kf3 h5 42. g4 h4 43. Ke3 Ba3 44. Kd3 Kf8 45. Kc4 Ke7 46. Kd5 Bb2 47. Rc7+ Kf6 48. Kd6 Ba3+ 49. Kd7 Kg6 50. Rc3 Bf8 51. Ke8 Bg7 52. Rc7 f6 53. Ke7 Bh6 54. Rc8 Bg7 55. Rg8 Kh7 56. Kf7 Bh6 57. Rg6 1-0

[Event "28th CRO-chT Women 2019"]
[Site "Mali Losinj"]
[Date "2019.10.04"]
[Round "8.3"]
[White "Turk, Vesna"]
[Black "Spiranec, Noemi"]
[Result "0-1"]
[ECO "D03"]
[WhiteElo "1694"]
[BlackElo "2137"]
[Annotator "NA"]
[PlyCount "72"]
[EventDate "2019.09.28"]
[EventType "team-tourn"]
[EventCountry "CRO"]
[SourceTitle "playchess.com"]
[Source "ChessBase"]
[SourceQuality "1"]
[TimeControl "40/5400+30:1800+30"]

1. d4 Nf6 2. Nf3 d5 3. Bg5 Ne4 4. Bf4 c5 5. c3 cxd4 6. cxd4 Nc6 7. e3 Bg4 8. Be2 e6 9. O-O Bd6 10. Bxd6 Qxd6 11. a3 O-O 12. Nbd2 Nf6 13. Rc1 Rac8 14. Qa4 Rc7 15. Bd3 Rfc8 16. Rc2 a6 17. Rfc1 g6 18. h3 Bf5 19. Bxf5 exf5 20. b4 f4 21. Qb3 Re8 22. Nf1 Rce7 23. Rc5 Nd8 24. Ne5 Ne6 25. Rc8 fxe3 26. fxe3 Ne4 27. Qa4 Rxc8 28. Rxc8+ Kg7 29. Qc2 f6 30. Nd3 Ng3 31. Nc5 Nxd4 32. exd4 Nxf1 33. Rc7 Qh2+ 34. Kxf1 Qh1+ 35. Kf2 Qe1+ 36. Kf3 Qe3+ 0-1

[Event "28th CRO-chT Women 2019"]
[Site "Mali Losinj"]
[Date "2019.10.04"]
[Round "8.4"]
[White "Vujnovic, Patricija"]
[Black "Krmpotic, Klara"]
[Result "1-0"]
[ECO "B07"]
[WhiteElo "2052"]
[BlackElo "1563"]
[Annotator "NA"]
[PlyCount "51"]
[EventDate "2019.09.28"]
[EventType "team-tourn"]
[EventCountry "CRO"]
[SourceTitle "playchess.com"]
[Source "ChessBase"]
[SourceQuality "1"]
[TimeControl "40/5400+30:1800+30"]

1. d4 d6 2. e4 Nf6 3. Nc3 c6 4. a4 a5 5. Nf3 Bg4 6. Be2 e6 7. O-O d5 8. e5 Nfd7 9. Be3 Be7 10. Qd2 O-O 11. Ne1 Bxe2 12. Nxe2 c5 13. f4 cxd4 14. Nxd4 Bc5 15. Nef3 Qb6 16. c3 Nc6 17. Qf2 Rac8 18. Rae1 Bxd4 19. Nxd4 Nxd4 20. Bxd4 Qb3 21. f5 exf5 22. Qxf5 Nb6 23. e6 f6 24. e7 Rfe8 25. Qe6+ Kh8 26. Qxb6 1-0

[Event "28th CRO-chT Women 2019"]
[Site "Mali Losinj"]
[Date "2019.10.04"]
[Round "8.5"]
[White "Cvitan, Ena"]
[Black "Smetisko, Marija"]
[Result "0-1"]
[ECO "D90"]
[WhiteElo "2182"]
[BlackElo "1845"]
[Annotator "NA"]
[PlyCount "100"]
[EventDate "2019.09.28"]
[EventType "team-tourn"]
[EventCountry "CRO"]
[SourceTitle "playchess.com"]
[Source "ChessBase"]
[SourceQuality "1"]
[TimeControl "40/5400+30:1800+30"]

1. d4 Nf6 2. c4 g6 3. Nf3 Bg7 4. Nc3 d5 5. h4 b6 6. h5 Bb7 7. h6 Bf8 8. Bf4 e6 9. e3 Bd6 10. cxd5 Nxd5 11. Bb5+ c6 12. Bxd6 Qxd6 13. Bd3 Nd7 14. O-O Nxc3 15. bxc3 Qf8 16. Ne5 Nxe5 17. dxe5 Qc5 18. Qe2 Qxe5 19. f4 Qxc3 20. Rac1 Qa3 21. Be4 Rc8 22. Qf3 Qa4 23. g4 f5 24. Bd3 Rc7 25. Bc4 c5 26. Qe2 a6 27. Qb2 Rf8 28. Qxb6 Qc6 29. Qxc6+ Rxc6 30. Rb1 Bc8 31. g5 Rf7 32. Rb8 Kd8 33. Rd1+ Rd7 34. Rxd7+ Kxd7 35. Kf2 Kc7 36. Rb2 Bb7 37. Ke2 Rd6 38. Ke1 Bd5 39. Bxd5 exd5 40. Ke2 Rb6 41. Rc2 c4 42. Kd2 Kd6 43. Kc3 Kc5 44. Rc1 a5 45. Rd1 a4 46. Rc1 a3 47. Rd1 Rb2 48. e4 fxe4 49. f5 gxf5 50. Rd2 Rb6 0-1

[Event "28th CRO-chT Women 2019"]
[Site "Mali Losinj"]
[Date "2019.10.04"]
[Round "8.6"]
[White "Vodopija, Irina"]
[Black "Djukic, Sandra"]
[Result "1/2-1/2"]
[ECO "A47"]
[WhiteElo "1704"]
[BlackElo "2179"]
[Annotator "NA"]
[PlyCount "50"]
[EventDate "2019.09.28"]
[EventType "team-tourn"]
[EventCountry "CRO"]
[SourceTitle "playchess.com"]
[Source "ChessBase"]
[SourceQuality "1"]
[TimeControl "40/5400+30:1800+30"]

1. d4 Nf6 2. Nf3 e6 3. g3 b6 4. Bg2 Bb7 5. O-O c5 6. e3 d6 7. c4 Qc7 8. b3 a6 9. Bb2 Nbd7 10. Nc3 cxd4 11. Qxd4 Be7 12. Rfe1 O-O 13. Rad1 Rfd8 14. Qd2 Rac8 15. Qe2 Nc5 16. Nd4 Bxg2 17. Kxg2 Bf8 18. Qf3 Nfd7 19. Qe2 Nf6 20. Qf3 Be7 21. Kg1 Ncd7 22. Qg2 Qc5 23. Ne4 Nxe4 24. Qxe4 Nf6 25. Qf3 b5 1/2-1/2

[Event "28th CRO-chT Women 2019"]
[Site "Mali Losinj"]
[Date "2019.10.04"]
[Round "8.7"]
[White "Berke, Ana"]
[Black "Alaber, Maja"]
[Result "1-0"]
[ECO "C64"]
[WhiteElo "2060"]
[BlackElo "1494"]
[Annotator "NA"]
[PlyCount "89"]
[EventDate "2019.09.28"]
[EventType "team-tourn"]
[EventCountry "CRO"]
[SourceTitle "playchess.com"]
[Source "ChessBase"]
[SourceQuality "1"]
[TimeControl "40/5400+30:1800+30"]

1. e4 e5 2. Nf3 Nc6 3. Nc3 Bc5 4. Bb5 Nd4 5. O-O c6 6. Bc4 d6 7. Nxd4 Bxd4 8. d3 b5 9. Bb3 a5 10. a3 h6 11. Be3 Bxe3 12. fxe3 Nf6 13. Ne2 Bg4 14. Qe1 O-O 15. Ng3 d5 16. exd5 Nxd5 17. Qf2 Qg5 18. Rae1 Qg6 19. Nf5 Bxf5 20. Qxf5 Qxf5 21. Rxf5 Rae8 22. g3 a4 23. Ba2 g6 24. Rf2 Kg7 25. e4 Ne7 26. Ref1 f5 27. Be6 fxe4 28. Rf7+ Rxf7 29. Rxf7+ Kh8 30. Bd7 Rb8 31. Rxe7 Rb7 32. dxe4 c5 33. Kf2 b4 34. Re8+ Kg7 35. Bxa4 bxa3 36. bxa3 Ra7 37. Bb3 Rxa3 38. Rxe5 Ra5 39. Bc4 Kf6 40. Re6+ Kg7 41. e5 Ra8 42. Re7+ Kh8 43. e6 Rf8+ 44. Rf7 Re8 45. e7 1-0

[Event "28th CRO-chT Women 2019"]
[Site "Mali Losinj"]
[Date "2019.10.04"]
[Round "8.8"]
[White "Smetisko, Renata"]
[Black "Bogdanic, Katarina"]
[Result "0-1"]
[ECO "B30"]
[WhiteElo "1253"]
[BlackElo "1899"]
[Annotator "NA"]
[PlyCount "78"]
[EventDate "2019.09.28"]
[EventType "team-tourn"]
[EventCountry "CRO"]
[SourceTitle "playchess.com"]
[Source "ChessBase"]
[SourceQuality "1"]
[TimeControl "40/5400+30:1800+30"]

1. e4 c5 2. Bc4 e6 3. Nc3 Nc6 4. Nf3 g6 5. d3 Bg7 6. O-O Nge7 7. Re1 d6 8. Bg5 h6 9. Bf4 O-O 10. Qd2 Kh7 11. e5 dxe5 12. Nxe5 b6 13. Re3 Nxe5 14. Bxe5 f6 15. Bf4 e5 16. Bg3 Bb7 17. f4 Nf5 18. Re2 Nxg3 19. hxg3 Qd7 20. Kf2 exf4 21. gxf4 Rae8 22. Rh1 Rxe2+ 23. Qxe2 Re8 24. Qd2 Qg4 25. Ne4 Bxe4 26. dxe4 Rxe4 27. Bd3 Rxf4+ 28. Kg1 Qg5 29. Qe2 f5 30. Rh3 Bd4+ 31. Kh2 Rf2 32. Rg3 Qh4+ 33. Rh3 Qf4+ 34. Kh1 Rxe2 35. Bxe2 Qc1+ 36. Kh2 Be5+ 37. g3 Qxc2 38. Kh1 Qxe2 39. g4 Qf1# 0-1